 Dungeon Crawl Stone Soup version 0.29.1-1-gd02db6906a (webtiles) character file.

Game seed: 12307375126672896955

428 H0rd4k the Cutter (level 7, -2/52 HPs)
             Began as a Human Artificer on Sept 22, 2022.
             Killed by divine providence
             ... invoked by an orc priest
              (12 damage)
             ... on level 7 of the Dungeon.
             The game lasted 00:06:56 (6561 turns).

H0rd4k the Cutter (Human Artificer)                 Turns: 6561, Time: 00:06:57

Health: -2/52      AC: 20    Str: 13    XL:     7   Next: 18%
Magic:  9/9        EV: 10    Int: 13    God:
Gold:   250        SH:  0    Dex: 13    Spells: 9/9 levels left

rFire   . . .      SeeInvis .   p - +1 dagger (protect)
rCold   + . .      Faith    .   (no shield)
rNeg    . . .      Spirit   .   E - +7 Kryia's mail coat {PotionHeal*2 rC+}
rPois   .          Reflect  .   (no helmet)
rElec   .          Harm     .   (no cloak)
rCorr   +          Rampage  .   (no gloves)
Will    .....                   (no boots)
Stlth   ..........              (no amulet)
HPRegen 0.17/turn               i - ring of resist corrosion
MPRegen 0.11/turn               (no ring)

@: under a protective aura
A: no striking features
a: no special abilities


You were on level 7 of the Dungeon.
You visited 1 branch of the dungeon, and saw 6 of its levels.

You collected 250 gold pieces.

Inventory:

Hand Weapons
 a - a +0 club
 f - a +0 antimagic dagger
 p - a +1 dagger of protection (weapon)
 y - a +6 dagger
Missiles
 u - a throwing net
Armour
 b - a +0 leather armour
 c - a +2 ring mail of cold resistance
 e - a +2 hat
 E - the +7 Kryia's mail coat (worn) {PotionHeal*2 rC+}
   (You found it on level 6 of the Dungeon)

   Potions are twice as effective at healing its wearer.
   rC:        It protects you from cold.
Magical Staves
 l - a staff of poison
Jewellery
 i - a ring of resist corrosion (left hand)
Wands
 d - a wand of charming (1)
Scrolls
 g - 6 scrolls of identify {unknown}
 h - a scroll of amnesia {unknown}
 k - a scroll of butterflies {unknown}
 m - a scroll of teleportation {unknown}
 r - a scroll of poison {unknown}
 v - a scroll of immolation {unknown}
 D - a scroll of vulnerability {unknown}
Potions
 j - 2 potions of brilliance {unknown}
 n - a potion of heal wounds {unknown}
 o - a potion of berserk rage {unknown}
 q - a potion of cancellation {unknown}
 s - 2 potions of invisibility {unknown}
 t - 3 potions of curing {unknown}
 w - a potion of attraction {unknown}
 x - a potion of magic {unknown}
 z - 2 potions of haste {unknown}
 A - a potion of ambrosia {unknown}
 B - a potion of degeneration {unknown}
 C - a potion of might


   Skills:
 + Level 3.3 Fighting
 + Level 4.3 Short Blades
 - Level 2.0 Armour
 + Level 3.2 Dodging
 - Level 1.0 Stealth
 * Level 1.7 Spellcasting
 - Level 3.0 Evocations


You had 9 spell levels left.
You didn't know any spells.
Your spell library contained the following spells:

 Spells                   Type           Power      Damage    Failure   Level
 Apportation              Tloc           2%         N/A       77%         1
 Necrotise                Necr           4%         1d4       77%         1
 Sandblast                Erth           2%         2d4       77%         1
 Summon Small Mammal      Summ           4%         N/A       77%         1
 Passwall                 Tmut/Erth      0%         N/A       88%         2
 Ignite Poison            Fire/Tmut/Pois 1%         N/A       98%         3
 Mephitic Cloud           Conj/Pois/Air  1%         N/A       98%         3
 Ozocubu's Armour         Ice            1%         N/A       98%         3
 Stone Arrow              Conj/Erth      2%         3d7       98%         3
 Tukima's Dance           Hex            1%         N/A       98%         3
 Passage of Golubria      Tloc           1%         N/A       100%        4
 Freezing Cloud           Conj/Ice/Air   0%         6-21      100%        5
 Yara's Violent Unravell  Hex/Tmut       0%         3d3       100%        5
 Ozocubu's Refrigeration  Ice            0%         4d7       100%        7


Dungeon Overview and Level Annotations

Branches:
Dungeon (7/15)
 Temple: D:4-7

Altars:
Elyvilon
Yredelemnul

Shops:
D:2 :([*[

Annotations:
D:3 exclusions: 2 downstairs and ogre


Message History

You bump into the rock wall.
The orc priest closely misses you. Something hits you but does no damage.
You bump into the rock wall.
Something hits you but does no damage.
The orc priest invokes the aid of Beogh against you.
Pain shoots through your body!
Unknown command.
You hit the orc priest.
Your weapon exudes an aura of protection.
The orc priest is heavily wounded.
The orc priest barely misses you. Something hits you but does no damage.
You bump into the rock wall.
An orc wizard appears from thin air!
Reactivating autopickup.
The orc wizard gestures at you while chanting.
The puff of flame hits you but does no damage.
The orc priest closely misses you.
You bump into the rock wall.
The orc priest hits you but does no damage.
The orc wizard hits you but does no damage.
You hit the orc priest.
The orc priest is severely wounded.
The orc wizard hits you but does no damage.
The orc priest hits you with a +0 morningstar.
* * * LOW HITPOINT WARNING * * *
You bump into the rock wall.
You feel less confused.
The orc priest begins to cast a cantrip, but forgets the words!
The orc wizard hits you with a +0 dagger.
* * * LOW HITPOINT WARNING * * *
You hit the orc priest.
The orc priest is severely wounded.
You closely miss the orc priest.
The orc priest is severely wounded.
The orc priest hits you with a +0 morningstar.
* * * LOW HITPOINT WARNING * * *
The orc wizard hits you but does no damage.
You hit the orc priest but do no damage.
The orc priest is severely wounded.
The orc priest calls down the wrath of Beogh upon you.
Beogh smites you!
You die...

#######
#.....#
8###.###.#
.##..# #.#####
.>#..###.....#
.##......###.#
### 8#########
#.###@# #
#.##o#o#
#...###.#
##...# ..#
#.##.# .# #.#
.# .# #.# . #
#.# ## #.#


You could see an orc priest and an orc wizard.

Vanquished Creatures
  Blork the orc (D:4)
  A jelly (D:4)
  2 orc priests (D:4)
  An iguana (D:3)
  Jessica (D:2)
  Robin (D:4)
  4 gnolls
  5 adders
  A worm (D:3)
  4 dart slugs (D:2)
  2 orcs
  11 ball pythons
  3 bats
  3 endoplasms (D:2)
  2 giant cockroaches
  10 goblins
  10 hobgoblins
  A jackal (D:2)
  4 quokkas
  A frilled lizard (D:1)
  3 kobolds
  2 rats
73 creatures vanquished.

Vanquished Creatures (collateral kills)
  3 gnolls (D:2)
  A worm (D:2)
  A dart slug (D:2)
  An orc (D:4)
  A giant cockroach (D:2)
  A goblin (D:2)
  A jackal (D:2)
  A quokka (D:2)
  A bat (D:2)
  A kobold (D:2)
  A rat (D:2)
13 creatures vanquished.

Vanquished Creatures (others)
  2 adders
  A gnoll (D:2)
  A ball python (D:1)
  A goblin (D:4)
5 creatures vanquished.

Grand Total: 91 creatures vanquished

Notes
Turn   | Place    | Note
-------+----------+-------------------------------------------
     0 | D:1      | H0rd4k the Human Artificer began the quest for the Orb.
     0 | D:1      | Reached XP level 1. HP: 15/15 MP: 1/1
   317 | D:1      | Reached XP level 2. HP: 2/21 MP: 0/2
   317 | D:1      | HP: 1/21 [constriction (1)]
  1134 | D:1      | Reached skill level 1 in Short Blades
  1134 | D:1      | Reached XP level 3. HP: 25/27 MP: 1/3
  1195 | D:1      | Found a faded altar of an unknown god.
  1523 | D:2      | Found Odyi's Assorted Antiques.
  2022 | D:2      | Reached XP level 4. HP: 19/33 MP: 1/4
  2032 | D:2      | Reached skill level 2 in Short Blades
  2239 | D:2      | Noticed Jessica
  2242 | D:2      | Killed Jessica
  2410 | D:2      | Reached XP level 5. HP: 28/39 MP: 1/5
  2771 | D:2      | Found Withrepha's Weapon Emporium.
  2782 | D:2      | Found Wainopp's Armour Shoppe.
  3071 | D:2      | Reached skill level 3 in Short Blades
  3124 | D:2      | Found Utzeheakyr's Armour Emporium.
  3362 | D:2      | Found Inutuf's Book Boutique.
  3734 | D:3      | Noticed an ogre
  4221 | D:3      | Reached XP level 6. HP: 27/46 MP: 6/6
  4876 | D:4      | Noticed Blork the orc
  4889 | D:4      | Reached skill level 1 in Spellcasting
  4908 | D:4      | Killed Blork the orc
  5270 | D:4      | Reached skill level 4 in Short Blades
  5468 | D:4      | Reached XP level 7. HP: 52/52 MP: 9/9
  6037 | D:4      | Noticed Robin
  6130 | D:4      | Killed Robin
  6321 | D:4      | You fall into a shaft and drop 3 floors!
  6471 | D:7      | Found a white marble altar of Elyvilon.
  6475 | D:7      | Found a basalt altar of Yredelemnul.
  6494 | D:6      | Found the +7 Kryia's mail coat {PotionHeal*2 rC+}
  6561 | D:7      | Killed from afar by an orc priest

Illustrated notes

Levels and vault maps discovered:
D:1:      amcnicky_arrival_feature_with_door, layout_basic,
          nicolae_ecumenical_lake_church, amcnicky_mini_rare_corridor_liquid,
          nicolae_grassy_gnolls
D:2:      minmay_spotlight, layout_basic, serial_shops, nicolae_square_shop,
          shop, nicolae_shop_trees, nicolae_shop_bloodbath_and_beyond, shop,
          serial_rivers, chequers_serial_rivers_small_3,
          chequers_serial_rivers_large_a, chequers_serial_rivers_micro_e,
          chequers_serial_rivers_micro_b, chequers_serial_rivers_micro_d,
          chequers_serial_rivers_room_a, minmay_joined_circles, uniq_jessica
D:3:      minmay_skewed_foursquare, layout_basic, hex_medium
D:4:      layout_cave_pods, lightli_minifort, uniq_blork_the_orc, uniq_robin
D:6:      layout_layer_cave
D:7:      layout_loops_cross, nicolae_overflow_hidden_temple,
          minmay_temple_entry_mini_moons

Skill      XL: |  1  2  3  4  5  6 |
---------------+-------------------+-----
Short Blades   | 1 2 3 4 |  4.3
Dodging        | 2 3 |  3.2
Fighting       | 2 3 |  3.3
Spellcasting   | 1 |  1.7
Armour         | |  2.0
Stealth        | |  1.0
Evocations     | |  3.0

Action                   |  1- 3 |  4- 6 |  7- 9 || total
-------------------------+-------+-------+-------++-------
Melee: Dagger            |   103 |   241 |   107 ||   451
       Club              |     1 |       |       ||     1
       Punch             |     1 |     4 |     1 ||     6
Evoke: Wand              |    10 |    22 |     2 ||    34
 Stab: Sleeping          |       |     2 |       ||     2
       Distracted        |       |     1 |       ||     1
Armor: Leather armour    |    25 |    45 |       ||    70
       Ring mail         |       |    15 |    27 ||    42
       Scale mail        |       |       |    27 ||    27
Dodge: Dodged            |    74 |   122 |    41 ||   237
